details: 'bifocal reverse gilderbase'

« prev index next »

General information

Mini Map

Players

team 1
NightElfBEAR_AND (pink | 129 APM | 3771 actions | 29:18)
Hero icon 6 Pandaren Brewmaster
Ability icon 3 Breath of Fire
Ability icon 2 Drunken Haze
Ability icon 1 Storm Earth and Fire

» actions
Assign group hotkey25
Basic commands4
Build / train93
Enter build submenu30
Enter hero's abilities submenu7
Remove unit from queue9
Right click2127
Select / deselect437
Select group hotkey948
Use ability91
3771 total
» units
Wisp30
Archer5
Hippogryph7
Chimaera13
55 total
» upgrades
Ultravision1
Strength of the Wild3
Corrosive Breath1
Reinforced Hides2
Well Spring1
8 total
» buildings
Ancient of War1
Tree of Life2
Moon Well7
Altar of Elders2
Tree of Ages2
Hunter's Hall2
Tree of Eternity2
Ancient of Wind1
Chimaera Roost2
Ancient of Wonders1
22 total
» build order
01:15 Ancient of War
01:22 Tree of Life
01:26 Moon Well
01:45 Altar of Elders
04:13 Tree of Ages
05:12 Hunter's Hall
05:46 Moon Well
05:47 Moon Well
06:24 Tree of Ages
07:04 Moon Well
07:05 Moon Well
07:40 Hunter's Hall
08:58 Altar of Elders
10:16 Tree of Eternity
10:16 Tree of Eternity
10:29 Ancient of Wind
12:39 Chimaera Roost
13:15 Chimaera Roost
13:34 Ancient of Wonders
19:02 Tree of Life
20:28 Moon Well
20:48 Moon Well
» items
Potion of Healing2
Lesser Clarity Potion2
Scroll of Town Portal4
Staff of Preservation1
Scroll of Regeneration1
10 total
Humaniggy_the_fisk (purple | 84 APM | 2474 actions | 29:17)
Hero icon 3 Archmage
Ability icon 2 Summon Water Elemental
Ability icon 1 Brilliance Aura
Hero icon 1 Mountain King
Ability icon 1 Storm Bolt

» actions
Assign group hotkey163
Basic commands22
Build / train61
Enter build submenu28
Enter hero's abilities submenu4
Give item / drop item1
Remove unit from queue5
Right click1291
Select / deselect370
Select group hotkey388
Use ability141
2474 total
» units
Peasant27
27 total
» upgrades
Masonry1
1 total
» buildings
Altar of Kings2
Farm7
Lumber Mill2
Scout Tower13
Arcane Tower2
Guard Tower12
Keep1
Arcane Vault2
Town Hall1
42 total
» build order
00:20 Altar of Kings
00:35 Farm
00:55 Farm
01:39 Lumber Mill
01:47 Farm
02:17 Scout Tower
02:20 Scout Tower
02:32 Farm
03:28 Arcane Tower
03:33 Scout Tower
03:35 Scout Tower
03:48 Guard Tower
04:02 Guard Tower
04:02 Guard Tower
04:02 Guard Tower
04:03 Guard Tower
04:03 Guard Tower
04:06 Scout Tower
04:33 Arcane Tower
05:13 Keep
05:18 Arcane Vault
06:04 Scout Tower
06:07 Scout Tower
06:23 Scout Tower
06:42 Arcane Vault
06:43 Guard Tower
06:46 Scout Tower
06:54 Guard Tower
07:25 Guard Tower
08:13 Scout Tower
08:29 Farm
08:37 Scout Tower
08:49 Guard Tower
08:49 Scout Tower
09:05 Guard Tower
09:40 Scout Tower
12:00 Altar of Kings
12:02 Farm
14:26 Farm
19:26 Lumber Mill
23:41 Town Hall
» items
Scroll of Town Portal4
Orb of Venom2
Staff of Preservation1
7 total
Humantimg4strOK (teal | 91 APM | 2670 actions | 29:17)
Hero icon 4 Archmage
Ability icon 2 Summon Water Elemental
Ability icon 2 Brilliance Aura
Hero icon 4 Mountain King
Ability icon 2 Storm Bolt
Ability icon 2 Bash

» actions
Assign group hotkey4
Basic commands82
Build / train109
ESC pressed1
Enter build submenu53
Enter hero's abilities submenu8
Give item / drop item1
Right click1217
Select / deselect272
Select group hotkey775
Use ability148
2670 total
» units
Peasant33
Siege Engine4
37 total
» upgrades
Masonry3
Lumber Harvesting2
Gunpowder3
Barrage1
Plating2
Magic Sentry1
12 total
» buildings
Altar of Kings1
Farm11
Lumber Mill1
Scout Tower45
Arcane Tower5
Guard Tower23
Town Hall3
Keep1
Arcane Vault2
Blacksmith1
Castle1
Workshop3
Barracks1
Arcane Sanctum1
99 total
» build order
00:13 Altar of Kings
00:16 Farm
00:30 Farm
01:41 Farm
02:07 Lumber Mill
02:52 Scout Tower
02:58 Scout Tower
04:12 Scout Tower
04:13 Scout Tower
04:13 Scout Tower
04:39 Arcane Tower
04:43 Scout Tower
04:44 Scout Tower
04:45 Scout Tower
04:46 Scout Tower
04:50 Guard Tower
04:51 Arcane Tower
05:13 Arcane Tower
05:36 Town Hall
06:16 Scout Tower
06:16 Scout Tower
06:17 Scout Tower
06:18 Scout Tower
06:19 Scout Tower
06:20 Scout Tower
06:21 Scout Tower
06:21 Scout Tower
06:36 Guard Tower
06:55 Guard Tower
07:21 Guard Tower
07:25 Guard Tower
07:27 Arcane Tower
09:36 Town Hall
09:42 Scout Tower
09:43 Scout Tower
09:44 Scout Tower
09:45 Scout Tower
10:10 Keep
10:12 Scout Tower
10:12 Scout Tower
10:13 Scout Tower
10:14 Scout Tower
10:25 Guard Tower
10:30 Scout Tower
10:30 Scout Tower
10:31 Scout Tower
10:32 Scout Tower
10:33 Scout Tower
10:33 Scout Tower
10:34 Scout Tower
10:36 Scout Tower
10:38 Scout Tower
10:39 Scout Tower
10:40 Scout Tower
10:46 Guard Tower
10:47 Arcane Vault
11:10 Guard Tower
11:43 Guard Tower
11:49 Guard Tower
12:11 Guard Tower
12:26 Guard Tower
12:56 Blacksmith
13:02 Guard Tower
13:15 Guard Tower
13:33 Arcane Tower
13:36 Guard Tower
13:58 Castle
14:30 Workshop
14:34 Barracks
14:37 Workshop
14:38 Workshop
14:43 Farm
14:44 Farm
14:45 Farm
14:48 Farm
14:48 Farm
16:59 Scout Tower
17:00 Scout Tower
17:00 Scout Tower
17:01 Scout Tower
17:08 Farm
17:11 Scout Tower
17:12 Scout Tower
17:12 Scout Tower
17:37 Scout Tower
17:38 Scout Tower
17:46 Guard Tower
17:58 Guard Tower
18:11 Guard Tower
18:47 Guard Tower
18:51 Guard Tower
19:09 Guard Tower
19:44 Farm
19:45 Farm
21:05 Arcane Vault
21:48 Arcane Sanctum
22:41 Town Hall
» items
Scroll of Town Portal4
Staff of Teleportation1
Boots of Speed1
Potion of Healing3
Potion of Mana2
Scroll of Regeneration2
Orb of Fire2
Staff of Sanctuary3
18 total
team 2
OrcDaRkXxPaNtHerX (blue | 31 APM | 902 actions | 29:16)
Hero icon 4 Shadow Hunter
Ability icon 2 Healing Wave
Ability icon 2 Hex

» actions
Build / train13
Enter build submenu3
Enter hero's abilities submenu5
Right click573
Select / deselect269
Use ability39
902 total
» units
Peon8
8 total
» buildings
Altar of Storms1
Orc Burrow1
2 total
» build order
00:17 Altar of Storms
00:21 Orc Burrow
Orcdeadplaya (green | 42 APM | 1230 actions | 29:09)
Hero icon 4 Shadow Hunter
Ability icon 2 Healing Wave
Ability icon 2 Hex

» actions
Assign group hotkey14
Basic commands179
Build / train54
Enter build submenu21
Enter hero's abilities submenu4
Remove unit from queue1
Right click429
Select / deselect390
Select group hotkey69
Use ability69
1230 total
» units
Peon11
Grunt5
Tauren5
Spirit Walker4
Demolisher5
30 total
» upgrades
Pillage1
Melee Weapons3
Armor3
Spirit Walker Training2
Pulverize1
Burning Oil1
11 total
» buildings
Orc Burrow7
Altar of Storms1
Barracks2
War Mill1
Stronghold1
Fortress1
Spirit Lodge1
Tauren Totem3
Great Hall2
Watch Tower1
20 total
» build order
00:28 Orc Burrow
01:05 Altar of Storms
01:07 Barracks
01:13 Barracks
01:55 Orc Burrow
02:18 Orc Burrow
02:57 Orc Burrow
04:39 War Mill
05:19 Stronghold
08:26 Fortress
08:33 Spirit Lodge
10:53 Tauren Totem
10:56 Tauren Totem
11:39 Tauren Totem
12:56 Orc Burrow
14:39 Orc Burrow
19:52 Great Hall
22:08 Orc Burrow
22:40 Great Hall
23:57 Watch Tower
» items
Rod of Necromancy2
Scroll of Town Portal2
Scroll of Protection1
5 total
Undeadfrostmournebane (red | 82 APM | 2384 actions | 29:13)
Hero icon 4 Death Knight
Ability icon 2 Death Coil
Ability icon 2 Unholy Aura
Hero icon 4 Lich
Ability icon 2 Frost Nova
Ability icon 2 Dark Ritual
Hero icon 2 Crypt Lord
Ability icon 1 Impale
Ability icon 1 Spiked Carapace

» actions
Assign group hotkey25
Basic commands275
Build / train53
ESC pressed8
Enter build submenu27
Enter hero's abilities submenu10
Remove unit from queue2
Right click1049
Select / deselect407
Select group hotkey417
Use ability111
2384 total
» units
Acolyte5
Ghoul3
Crypt Fiend10
Frost Wyrm5
23 total
» upgrades
Web1
Burrow1
Freezing Breath1
Ghoul Frenzy1
Creature Attack1
5 total
» buildings
Altar of Darkness2
Ziggurat8
Crypt3
Tomb of Relics1
Graveyard1
Halls of the Dead2
Spirit Tower1
Black Citadel2
Sacrificial Pit1
Boneyard2
23 total
» build order
00:11 Altar of Darkness
00:12 Altar of Darkness
00:16 Ziggurat
00:44 Crypt
01:02 Tomb of Relics
01:23 Ziggurat
01:56 Graveyard
02:00 Crypt
02:43 Ziggurat
02:45 Ziggurat
03:05 Crypt
03:48 Halls of the Dead
05:11 Spirit Tower
06:26 Black Citadel
06:27 Black Citadel
06:42 Sacrificial Pit
06:59 Ziggurat
07:01 Ziggurat
08:51 Boneyard
08:53 Boneyard
11:59 Ziggurat
12:04 Ziggurat
» items
Rod of Necromancy2
Scroll of Town Portal1
3 total

Chat log

(00:01 / All) iggy_the_fisk: hol dup
(00:02 / All) timg4strOK: just one second
(00:02 / All) DaRkXxPaNtHerX: Wtf stop
(00:03 / All) timg4strOK: please
(00:04 / All) timg4strOK: one sec
(00:06 / All) timg4strOK: stop
(00:13 / All) DaRkXxPaNtHerX: i cant play when you pause it every for seconds
(00:24 / All) deadplaya: sorry i dont pause
(00:30 / All) iggy_the_fisk: you suck dick tho
(00:37 / All) deadplaya: w/e u say
(01:35 / All) DaRkXxPaNtHerX: you NIGGER
(01:36 / All) DaRkXxPaNtHerX: BACK OFF
(01:38 / All) BEAR_AND: hey deadplaya
(01:40 / All) BEAR_AND: i've played you before
(01:41 / All) BEAR_AND: wat up
(01:44 / All) deadplaya: hi
(01:51 / All) deadplaya: if i lost i wasnt trying

(04:17 / All) DaRkXxPaNtHerX: Totaly brilliant
(04:24 / All) DaRkXxPaNtHerX: if i wasent straight i would wanna bone you

(05:40 / All) DaRkXxPaNtHerX: hes teching wtf

(07:34 / All) DaRkXxPaNtHerX: thats a fucking lot of nigga

(09:56 / All) deadplaya: lol
(10:00 / All) DaRkXxPaNtHerX: >..<

(14:20 / All) deadplaya: u kno we got worms right?
(14:26 / All) BEAR_AND: go to the vet

(28:02 / All) BEAR_AND: leave
(28:09 / All) BEAR_AND: another reverse gilderbase by clan towa

(29:15 / All) DaRkXxPaNtHerX: gg noobs
(29:16 / All) iggy_the_fisk: Noobs